 Dungeon Sprint DCSS version 0.24-a0-250-g6074511092 (webtiles) character file.

Game seed: 4285281192951314242

704 Redear the Fighter (level 7, -5/88 HPs)
             Began as an Ogre Fighter on Apr 15, 2019.
             Was an Initiate of Cheibriados.
             Slain by an ice devil (19 damage)
             ... summoned by a kobold demonologist
             ... in the Dungeon (Sprint I: "Red Sonja").
             The game lasted 00:03:17 (378 turns).

Redear the Fighter (Ogre Fighter)                    Turns: 378, Time: 00:03:17

Health: -5/88      AC:  3    Str: 22    XL:     7   Next: 66%
Magic:  7/7        EV: 12    Int: 12    God:    Cheibriados [......]
Gold:   405        SH: 10    Dex:  9    Spells: 6/6 levels left

rFire    . . .     SeeInvis .   a - +0 flail
rCold    . . .     Gourm    .   c - +0 shield
rNeg     . . .     Faith    .   b - +0 robe
rPois    .         Spirit   .   (helmet restricted)
rElec    .         Reflect  .   (no cloak)
rCorr    .         Harm     .   (gloves unavailable)
MR       .....     NoTele   +   (boots unavailable)
Stlth    +.........             (no amulet)
HPRegen  0.24/turn              (no ring)
MPRegen  0.10/turn              (no ring)

@: lethally poisoned (-5 -> -8), very slow
A: large, unfitting armour, tough skin 1
a: Bend Time, Renounce Religion


You were in the Dungeon.
You worshipped Cheibriados.
Cheibriados was noncommittal.
You were not hungry.

You visited 1 branch You collected 405 gold pieces.

Inventory:

Hand Weapons
 a - a +0 flail (weapon)
 e - a +0 giant club
Armour
 b - a +0 robe (worn)
 c - a +0 shield (worn)
Scrolls
 f - a scroll of magic mapping {unknown}
 B - a scroll of blinking {@r4}
Potions
 g - 2 potions of heal wounds {@q1}
 h - a potion of berserk rage
 i - 2 potions of magic
 H - a potion of haste {@q5}
 Q - a potion of curing {@q2}
Comestibles
 z - a ration


   Skills:
 + Level 11.2 Fighting
 + Level 7.7 Maces & Flails
 + Level 8.0 Dodging
 + Level 8.0 Shields


You had 6 spell levels left.
You didn't know any spells.
Your spell library was empty.

Dungeon Overview and Level Annotations

Branches:
Dungeon (1/1)

Altars:
Cheibriados
Dithmenos
Elyvilon
Fedhas
Gozag
Hepliaklqana
Kikubaaqudgha
Makhleb
Nemelex Xobeh
Okawaru
Qazlal
Ru
Sif Muna
Trog
Uskayaw
Vehumet
Wu Jian
Xom
Yredelemnul
Zin
The Shining One
Jiyva
Lugonu

Shops:
D =


Innate Abilities, Weirdness & Mutations

You are too large for most types of armour.
You have tough skin. (AC +1)


Message History

You barely miss the kobold demonologist.
The kobold demonologist is lightly wounded.
The kobold demonologist hits you with a +1 dagger of venom.
You are poisoned.
The ice devil hits you! The ice devil freezes you!
You take 31 damage, and have 57/88 hp.
MASSIVE DAMAGE!!
You sock the kobold demonologist!
The kobold demonologist is heavily wounded.
You feel sick.
The kobold demonologist miscasts a cantrip.
The ice devil hits you! The ice devil freezes you!
You take 29 damage, and have 28/88 hp.
MASSIVE DAMAGE!!
You barely miss the kobold demonologist.
The kobold demonologist is heavily wounded.
You feel sick.
The kobold demonologist looks encouraged for a moment.
The ice devil hits you!
* * * LOW HITPOINT WARNING * * *
The ice devil freezes you!!
You die...

######################
..÷..#..'..#__#.K4K3.#
..#..').#..'^.'.@#5..#
####'#####'#__#### ..+
###..#...#.#### ##
__####..##.#
_____##'#_.+
_.∩...'..._#
_..__##_.#+#
_____###+# ######


You could see a sun demon, an ice devil and 2 kobold demonologists.

Vanquished Creatures
  A slime creature (D)
  Sigmund (D)
  A yak (D)
  A floating eye (D)
  An ogre (D)
  A jelly (D)
  Ijyb (D)
7 creatures vanquished.

Notes
Turn   | Place    | Note
-------+----------+-------------------------------------------
     0 | D        | Redear the Ogre Fighter began the quest for the Orb.
     0 | D        | Reached XP level 1. HP: 24/24 MP: 1/1
     1 | D        | Noticed Ijyb
     7 | D        | Killed Ijyb
     7 | D        | Reached skill level 5 in Fighting
     7 | D        | Reached skill level 3 in Maces & Flails
     7 | D        | Reached skill level 3 in Dodging
     7 | D        | Reached skill level 3 in Shields
     7 | D        | Reached XP level 2. HP: 34/35 MP: 2/2
     7 | D        | Reached XP level 3. HP: 41/42 MP: 3/3
    14 | D        | Noticed an ogre
    20 | D        | Killed an ogre
    20 | D        | Reached skill level 7 in Fighting
    20 | D        | Reached skill level 4 in Maces & Flails
    20 | D        | Reached skill level 4 in Dodging
    20 | D        | Reached skill level 4 in Shields
    20 | D        | Reached XP level 4. HP: 49/55 MP: 4/4
    35 | D        | Noticed Sigmund
    40 | D        | Killed Sigmund
    40 | D        | Reached skill level 9 in Fighting
    40 | D        | Reached skill level 5 in Maces & Flails
    40 | D        | Reached skill level 6 in Dodging
    40 | D        | Reached skill level 6 in Shields
    40 | D        | Reached XP level 5. HP: 32/67 MP: 5/5
    40 | D        | Reached XP level 6. HP: 36/75 MP: 6/6
    53 | D        | Found a deep blue altar of Sif Muna.
    54 | D        | Found an ornate altar of the Wu Jian Council.
    55 | D        | Found a radiant altar of Vehumet.
    58 | D        | Reached skill level 6 in Maces & Flails
    68 | D        | Found Onaipn's Jewellery Emporium.
    68 | D        | Found an ancient bone altar of Kikubaaqudgha.
    68 | D        | Found a hazy altar of Hepliaklqana.
    68 | D        | Found a stormy altar of Qazlal.
    68 | D        | Found a hide-covered altar of Uskayaw.
    68 | D        | Found a blossoming altar of Fedhas.
    68 | D        | Found a bloodstained altar of Trog.
    68 | D        | Found an iron altar of Okawaru.
    68 | D        | Found a basalt altar of Yredelemnul.
    68 | D        | Found a glowing golden altar of the Shining One.
    68 | D        | Found a snail-covered altar of Cheibriados.
    68 | D        | Found a sacrificial altar of Ru.
    68 | D        | Found a glowing silver altar of Zin.
    68 | D        | Found a shadowy altar of Dithmenos.
    68 | D        | Found a white marble altar of Elyvilon.
    68 | D        | Noticed a yak
    81 | D        | Killed a yak
    81 | D        | Reached skill level 10 in Fighting
    81 | D        | Reached skill level 7 in Dodging
    81 | D        | Reached skill level 7 in Shields
    82 | D        | Found an opulent altar of Gozag.
    83 | D        | Found a sparkling altar of Nemelex Xobeh.
    87 | D        | Became a worshipper of Cheibriados the Contemplative
   337 | D        | Found a burning altar of Makhleb.
   337 | D        | Found a viscous altar of Jiyva.
   337 | D        | Found a shimmering altar of Xom.
   337 | D        | Found a corrupted altar of Lugonu.
   337 | D        | Noticed a slime creature
   349 | D        | Killed a slime creature
   349 | D        | Reached skill level 7 in Maces & Flails
   349 | D        | Reached XP level 7. HP: 87/87 MP: 7/7
   365 | D        | Noticed a kobold demonologist
   365 | D        | Noticed a kobold demonologist
   368 | D        | Paralysed by a floating eye for 4 turns
   374 | D        | Reached skill level 11 in Fighting
   374 | D        | Reached skill level 8 in Dodging
   374 | D        | Reached skill level 8 in Shields
   375 | D        | Noticed an ice devil
   378 | D        | Slain by an ice devil

Levels and vault maps discovered:
D:        dungeon_sprint_1 [red_sonja_temple_1, red_sonja_temple_small_1]

Skill      XL: |  1  2  3  4  5  6  7 |
---------------+----------------------+-----
Fighting       | 5 7 9 10 11 | 11.2
Maces & Flails | 3 4 5 7 |  7.7
Dodging        | 3 4 6 7 8 |  8.0
Shields        | 3 4 6 7 8 |  8.0

Action                   |  1- 3 |  4- 6 |  7- 9 || total
-------------------------+-------+-------+-------++-------
Melee: Flail             |    10 |    28 |     9 ||    47
  Use: Potion            |     2 |       |       ||     2
Armor: Robe              |     1 |     2 |       ||     3
Dodge: Dodged            |     1 |     9 |       ||    10
Block: Shield            |     1 |    12 |       ||    13

Table legend:
 A = Non-vault XP
 B = Vault XP
 C = Vault XP percentage of total XP
 D = Non-vault monster count
 E = Vault monster count
 F = Vault count percentage of total count
                 A         B        C        D         E       F
            +---------+---------+-------+---------+---------+-------
      Total |       0 |    1006 | 100.0 |       0 |       7 | 100.0
            +---------+---------+-------+---------+---------+-------
          D |       0 |    1006 | 100.0 |       0 |       7 | 100.0
            +---------+---------+-------+---------+---------+-------
